 Dungeon Crawl Stone Soup version 0.22-a0-441-gcf5b0c6 (webtiles) character file.

49261 Firecrotchwizard the Fighter (level 14, -4/96 HPs)
             Began as a Gargoyle Gladiator on May 30, 2018.
             Was the Champion of Okawaru.
             Slain by a deep troll shaman (15 damage)
             ... on level 6 of the Lair of Beasts on May 31, 2018.
             The game lasted 00:40:23 (19711 turns).

Firecrotchwizard the Fighter (Gargoyle Gladiator)  Turns: 19711, Time: 00:40:24

Health: -4/96      AC: 32    Str: 28    XL:     14   Next: 50%
Magic:  19/20      EV: 16    Int: 10    God:    Okawaru [******]
Gold:   896        SH:  0    Dex: 14    Spells: 13/13 levels left

rFire    + . .     SeeInvis .   r - +3 whip (elec)
rCold    . . .     Gourm    +   (no shield)
rNeg     + . .     Faith    .   P - +1 chain mail {rF+}
rPois    ∞         Spirit   .   c - +1 helmet
rElec    +         Reflect  .   W - scarf {repulsion}
rCorr    .         Harm     .   s - +2 pair of gloves
MR       +....                  (no boots)
Stlth    ..........             g - amulet of the gourmand {Gourm, !d}
HPRegen  0.26/turn              x - +6 ring of strength
MPRegen  0.17/turn              R - +3 ring of dexterity

@: heroism, repel missiles
A: big wings, negative energy resistance 1, electricity resistance, unbreathing,
petrification resistance, rot immunity, AC +10
a: Fly, Heroism, Finesse, Renounce Religion


You were on level 6 of the Lair of Beasts.
You worshipped Okawaru.
Okawaru was exalted by your worship.
You were completely stuffed.

You visited 3 branches of the dungeon, and saw 18 of its levels.
You also visited: Ossuary, Ice Cave and Volcano.

You collected 896 gold pieces.

Inventory:

Hand Weapons
 r - a +3 whip of electrocution (weapon)
   (You took it off an orc on level 3 of the Dungeon)
 O - a +0 great mace of draining
   (You found it in a volcano)
 Q - the +6 mace of Liok {freeze, Int+4}
   (Okawaru gifted it to you in a volcano)

   It has been specially enchanted to freeze those struck by it, causing extra
   injury to most foes and up to half again as much damage against particularly
   susceptible opponents.
   It can also slow down cold-blooded creatures.
   It affects your intelligence (+4).
Missiles
 d - 4 throwing nets {=f, !d}
Armour
 c - a +1 helmet (worn)
 s - a +2 pair of gloves (worn)
   (You found it on level 2 of the Dungeon)
 P - a +1 chain mail of fire resistance (worn)
   (You found it on level 2 of the Lair of Beasts)
 W - a scarf of repulsion (worn)
   (You found it on level 3 of the Lair of Beasts)
Jewellery
 e - an uncursed ring of ice {rC+, rF-}
   (You found it on level 1 of the Dungeon)
 g - an amulet of the gourmand (around neck) {Gourm, !d}
   (You found it on level 2 of the Dungeon)
 j - an uncursed ring of fire {rF+, rC-}
   (You found it on level 8 of the Dungeon)
 v - an uncursed ring of resist corrosion
   (You found it on level 2 of the Dungeon)
 x - a +6 ring of strength (left hand)
   (You found it on level 1 of the Lair of Beasts)
 R - a +3 ring of dexterity (right hand)
   (You found it on level 11 of the Dungeon)
Wands
 n - a wand of acid (12)
   (You found it on level 8 of the Dungeon)
 y - a wand of digging (29)
   (You found it on level 8 of the Dungeon)
 F - a wand of clouds (6)
   (You found it on level 6 of the Lair of Beasts)
 M - a wand of disintegration (19) {@e1}
   (You found it on level 9 of the Dungeon)
 S - a wand of scattershot (6)
   (You found it on level 3 of the Lair of Beasts)
 V - a wand of paralysis (13)
   (You found it on level 6 of the Lair of Beasts)
Scrolls
 a - 3 scrolls of amnesia
 b - a scroll of immolation {!r}
 o - 11 scrolls of remove curse
 p - 7 scrolls of identify
 A - a scroll of blinking {!r}
 B - 8 scrolls of teleportation
 E - 4 scrolls of magic mapping {!r}
 K - 4 scrolls of fog
 N - 4 scrolls of enchant weapon
Potions
 h - 5 potions of heal wounds
 i - 3 potions of ambrosia
 l - 5 potions of flight
 m - 5 potions of haste
 q - a potion of resistance {unknown}
 t - a potion of mutation {unknown}
 u - a potion of might {unknown}
 w - 4 potions of lignification {!q}
 z - 4 potions of brilliance {unknown}
 C - 5 potions of degeneration {@e1!q}
 D - 5 potions of agility
 G - 3 potions of invisibility
 H - 2 potions of curing
 I - 3 potions of magic
 J - a potion of cancellation {unknown}
 T - a potion of experience {unknown}
Miscellaneous
 k - a fan of gales
   (You found it on level 1 of the Lair of Beasts)
Comestibles
 f - 45 rations {@e1}
 L - 9 chunks of flesh {@w0}


   Skills:
 + Level 14.9(19.9) Fighting
 * Level 13.8(18.8) Maces & Flails
 - Level 1.7(6.7) Throwing
 + Level 12.4(17.4) Armour
 - Level 6.3(11.3) Dodging
 - Level 8.0 Invocations


You had 13 spell levels left.
You didn't know any spells.
Your spell library contained the following spells:

 Spells                   Type           Power        Failure   Level  Hunger
 Fireball                 Conj/Fire      #.........   100%        5    ######.
 Conjure Flame            Conj/Fire      #.......     98%         3    ####...
 Confuse                  Hex            #.......     98%         3    ####...
 Throw Flame              Conj/Fire      #.....       87%         2    ###....
 Animate Dead             Necr           N/A          100%        4    #####..
 Pain                     Necr           #...         75%         1    ##.....
 Animate Skeleton         Necr           N/A          75%         1    ##.....
 Vampiric Draining        Necr           #.........   98%         3    ####...
 Sticky Flame             Conj/Fire      #.......     100%        4    #####..
 Regeneration             Chrm/Necr      #.........   98%         3    ####...
 Tukima's Dance           Hex            #.......     98%         3    ####...
 Flame Tongue             Conj/Fire      #....        75%         1    ##.....
 Ensorcelled Hibernation  Hex/Ice        #.....       87%         2    ###....
 Corona                   Hex            #......      75%         1    ##.....
 Inner Flame              Hex/Fire       #.......     98%         3    ####...
 Dazzling Spray           Conj/Hex       #.....       98%         3    ####...


Dungeon Overview and Level Annotations

Branches:
Dungeon (11/15)            Temple (1/1) D:5            Lair (6/6) D:11
 Shoals (0/4) Lair:2       Spider (0/4) Lair:4        Slime (0/5) Lair:6
    Orc: D:9-12

Altars:
Ashenzari
Cheibriados
Dithmenos
Elyvilon
Fedhas
Gozag
Hepliaklqana
Kikubaaqudgha
Makhleb
Nemelex Xobeh
Okawaru
Qazlal
Ru
Sif Muna
Trog
Uskayaw
Vehumet
Wu Jian
Xom
Yredelemnul
Zin
The Shining One
Jiyva

Shops:
D:7 (   D:11 }

Annotations:
Lair:3 exclusion: 4 oklob plants
Lair:6 Josephine


Innate Abilities, Weirdness & Mutations

You are resistant to torment.
Your stone body is resilient. (AC +10)
You are immune to poison.
Your large and strong wings let you fly indefinitely.
You resist negative energy. (rN+)
You are resistant to electric shocks. (rElec)
You can survive without breathing.
You are immune to petrification.
You are immune to rotting.


Message History

You see here a catoblepas corpse.
You butcher the catoblepas corpse.
L - 9 chunks of flesh {@w0} (gained 5)
You start resting.
You feel like a meek peon again.
You regained 7 hp, and now have 83/96 hp.
MP restored: 20 The death yak is too close now for your liking.
You regained 2 hp, and now have 85/96 hp.
A death yak is nearby!
You whack the death yak! You hit the death yak.
The death yak completely misses you.
You hit the death yak. You hit the death yak.
Lightning courses through the death yak!
The death yak gores you but does no damage.
Your chain mail prevents you from hitting the death yak.
You hit the death yak but do no damage. The death yak barely misses you.
You hit the death yak but do no damage.
Lightning courses through the death yak!
You hit the death yak but do no damage. The death yak gores you!
You take 14 damage, and have 72/96 hp.
You whack the death yak!
Lightning courses through the death yak!
You hit the death yak but do no damage. The death yak barely misses you.
You hit the death yak. You hit the death yak but do no damage.
The death yak gores you but does no damage.
You hit the death yak but do no damage. You whack the death yak!
You kill the death yak!
Okawaru accepts your kill.
No target in view!
No target in view!
You start resting.
A death yak comes into view.
A death yak is nearby!
The death yak bellows!
A deep troll shaman comes into view.
The deep troll shaman shouts!
You hear a trumpeting!
The death yak closely misses you.
You whack the death yak! The death yak gores you.
You take 4 damage, and have 70/96 hp.
You hit the death yak. You hit the death yak.
Lightning courses through the death yak!
The death yak gores you!
You take 10 damage, and have 60/96 hp.
You hit the death yak but do no damage. You hit the death yak but do no damage.
The death yak gores you!
You take 13 damage, and have 47/96 hp.
You hit the death yak but do no damage. You hit the death yak but do no damage.
Lightning courses through the death yak!
The death yak closely misses you.
You hit the death yak but do no damage.
You gain the combat prowess of a mighty hero.
The death yak closely misses you.
You now have 18/20 mp.
You whack the death yak!
The death yak gores you but does no damage.
You hit the death yak but do no damage. You hit the death yak.
The death yak misses you.
You completely miss the death yak. You whack the death yak!
Lightning courses through the death yak!
The death yak gores you!
You take 13 damage, and have 35/96 hp.
You whack the death yak!
You kill the death yak!
Okawaru accepts your kill. Something appears at your feet!
Okawaru grants you a weapon!
The deep troll shaman bites you but does no damage.
The deep troll shaman barely misses you.
The deep troll shaman claws you but does no damage.
You whack the deep troll shaman!
The deep troll shaman barely misses you. x2
The deep troll shaman claws you but does no damage.
You hit the deep troll shaman but do no damage.
You closely miss the deep troll shaman.
The deep troll shaman completely misses you.
The deep troll shaman claws you!
* * * LOW HITPOINT WARNING * * *
The deep troll shaman claws you but does no damage.
You take 10 damage, and have 25/96 hp.
You hit the deep troll shaman but do no damage.
You hit the deep troll shaman. The deep troll shaman bites you.
* * * LOW HITPOINT WARNING * * *
The deep troll shaman closely misses you.
The deep troll shaman claws you!
* * * LOW HITPOINT WARNING * * *
You take 15 damage, and have 11/96 hp.
You hit the deep troll shaman. You hit the deep troll shaman.
The deep troll shaman misses you.
The deep troll shaman barely misses you.
The deep troll shaman claws you but does no damage.
You hit the deep troll shaman. You closely miss the deep troll shaman.
The deep troll shaman bites you!
You die...

#.....# #P@P#
#.....#
...###...#...#
##..÷.##
8..#....#...#
##...P#
÷.....##..##
##...###
.....#..##
#.....###T..÷#.##
##......##.÷...##
##..P..P##.....#
###....)@T..P.#
########...##
###.# #


You could see a deep troll shaman.

Vanquished Creatures
  A fire dragon (Volcano)
  2 hydras
  2 catoblepae
  2 two-headed ogres
  13 death yaks
  A death knight (D:11)
  2 unseen horrors
  A necromancer (IceCv)
  Pikel (D:4)
  A wolf spider (Lair:4)
  7 elephants
  3 ice statues (IceCv)
  4 black mambas
  6 spiny frogs
  4 komodo dragons
  2 freezing wraiths
  8 ice devils (IceCv)
  2 jumping spiders (Lair:4)
  2 hornets
  4 polar bears
  Prince Ribbit (D:6)
  A snapping turtle (Lair:2)
  15 blink frogs
  5 hippogriffs
  Sigmund (D:6)
  A vampire (D:9)
  2 redbacks (Lair:4)
  29 yaks
  4 wraiths
  7 wyverns
  4 fire bats
  2 basilisks (D:11)
  A fire elemental (Lair:4)
  Menkaure (D:6)
  A hungry ghost (D:11)
  An acid dragon (D:11)
  Duvessa (D:6)
  4 porcupines
  10 water moccasins
  A slave (D:4)
  5 orc warriors
  2 black bears
  2 ice beasts
  A phantom (D:9)
  A sky beast (D:11)
  2 necrophages
  26 wolves
  4 ogres
  3 centaurs
  13 crocodiles
  A big kobold (D:8)
  An elf zombie (Ossuary)
  Blork the orc (D:6)
  12 bullfrogs
  Dowan (D:6)
  2 scorpions
  9 killer bees
  4 electric eels
  4 wights (D:11)
  A howler monkey (D:6)
  2 lava snakes (Lair:4)
  4 crimson imps
  2 quasits
  2 bullfrog zombies
  2 centaur zombies
  7 jellies
  A bullfrog skeleton (D:9)
  6 hounds
  A centaur skeleton (D:11)
  A gnoll shaman (D:7)
  4 orc priests
  7 iguanas
  9 orc wizards
  6 worker ants
  5 troll simulacra (IceCv)
  2 centaur simulacra (IceCv)
  2 hound skeletons (D:4)
  3 mummies (Ossuary)
  6 gnolls (D:7)
  2 howler monkey skeletons
  A naga simulacrum (IceCv)
  9 adders
  2 ogre simulacra (IceCv)
  A river rat (D:6)
  3 shadow imps
  12 white imps (Lair:3)
  2 oozes
  3 adder zombies
  3 worms
  2 dart slugs
  3 leopard geckos
  32 orcs
  10 bats
  5 giant cockroaches
  7 goblins
  9 hobgoblins
  20 jackals
  6 quokkas
  2 ball pythons
  3 frilled lizards
  2 gnoll zombies (Ossuary)
  4 goblin zombies (Ossuary)
  3 hobgoblin zombies (Ossuary)
  7 kobolds
  2 kobold zombies (Ossuary)
  14 rats
496 creatures vanquished.

Vanquished Creatures (others)
  5 fungi
  10 plants
15 creatures vanquished.

Grand Total: 511 creatures vanquished

Notes
Turn   | Place    | Note
-------+----------+-------------------------------------------
     0 | D:1      | Firecrotchwizard the Gargoyle Gladiator began the quest for the Orb.
     0 | D:1      | Reached XP level 1. HP: 12/12 MP: 1/1
   104 | D:1      | Reached XP level 2. HP: 17/18 MP: 2/2
   586 | D:1      | Reached XP level 3. HP: 16/22 MP: 3/3
   825 | D:1      | Reached skill level 4 in Maces & Flails
   857 | D:1      | Reached skill level 3 in Fighting
  1043 | D:2      | Reached XP level 4. HP: 27/28 MP: 4/4
  1659 | D:2      | Found a deep blue altar of Sif Muna.
  1854 | D:3      | Found a glowing golden altar of the Shining One.
  2155 | D:3      | Reached XP level 5. HP: 30/32 MP: 5/5
  2188 | D:3      | Reached skill level 5 in Maces & Flails
  2552 | D:4      | Found a sparkling altar of Nemelex Xobeh.
  2562 | D:4      | Noticed a centaur
  2570 | D:4      | Killed a centaur
  2570 | D:4      | Reached skill level 4 in Fighting
  2570 | D:4      | Reached XP level 6. HP: 25/38 MP: 6/6
  2977 | D:4      | Reached skill level 6 in Maces & Flails
  3554 | D:4      | Noticed Pikel
  3554 | D:4      | Noticed a slave
  3554 | D:4      | Noticed a slave
  3554 | D:4      | Noticed a slave
  3569 | D:4      | Killed a slave
  3580 | D:4      | Noticed a slave
  3581 | D:4      | HP: 8/39 [Pikel/whip of flaming (3)]
  3590 | D:4      | Killed Pikel
  3590 | D:4      | Reached skill level 5 in Fighting
  3590 | D:4      | Reached skill level 7 in Maces & Flails
  3590 | D:4      | Reached XP level 7. HP: 26/45 MP: 7/7
  3812 | D:5      | Entered Level 5 of the Dungeon
  3852 | D:5      | Reached XP level 8. HP: 51/51 MP: 8/8
  3921 | D:5      | Reached skill level 6 in Fighting
  3931 | D:5      | Found a staircase to the Ecumenical Temple.
  3988 | D:5      | Reached skill level 8 in Maces & Flails
  4026 | Temple   | Entered the Ecumenical Temple
  4349 | D:5      | Found a bloodstained altar of Trog.
  4712 | D:6      | Noticed Sigmund
  4726 | D:6      | Killed Sigmund
  4747 | D:6      | Noticed Menkaure
  4764 | D:6      | Reached skill level 9 in Maces & Flails
  4771 | D:6      | Killed Menkaure
  4771 | D:6      | Reached skill level 7 in Fighting
  4871 | D:6      | Found a sand-covered staircase.
  4876 | Ossuary  | Entered an ossuary
  4876 | Ossuary  | Noticed a wraith
  4876 | Ossuary  | Noticed a wraith
  4876 | Ossuary  | Noticed a wraith
  4962 | Ossuary  | Noticed a wraith
  4970 | Ossuary  | Killed a wraith
  4970 | Ossuary  | Reached XP level 9. HP: 56/57 MP: 9/9
  5338 | D:6      | Reached skill level 10 in Maces & Flails
  5342 | D:6      | Noticed Prince Ribbit
  5347 | D:6      | Killed Prince Ribbit
  5705 | D:6      | Noticed Dowan
  5706 | D:6      | Noticed Duvessa
  5718 | D:6      | Killed Duvessa
  5718 | D:6      | Reached skill level 8 in Fighting
  5720 | D:6      | Killed Dowan
  5839 | D:6      | Noticed Blork the orc
  5843 | D:6      | Found a sparkling altar of Nemelex Xobeh.
  5853 | D:6      | Killed Blork the orc
  5854 | D:6      | Found a shattered altar of Ashenzari.
  6000 | D:7      | Found an iron altar of Okawaru.
  6078 | D:7      | HP: 2/59 [orc warrior/battleaxe (15)]
  6092 | D:6      | HP: 13/59 [orc warrior/battleaxe (6)]
  6346 | D:7      | Reached skill level 11 in Maces & Flails
  6532 | D:7      | Found Tiku Roc's Weapon Emporium.
  6659 | D:7      | Found a bloodstained altar of Trog.
  6690 | D:7      | Reached XP level 10. HP: 60/65 MP: 10/10
  6717 | D:7      | Found a radiant altar of Vehumet.
  6845 | D:7      | Reached skill level 9 in Fighting
  6909 | D:8      | Found an ornate altar of the Wu Jian Council.
  7207 | D:8      | Reached skill level 12 in Maces & Flails
  7269 | D:8      | Reached skill level 1 in Armour
  7345 | D:7      | Became a worshipper of Warmaster Okawaru
  7414 | D:8      | Found a shadowy altar of Dithmenos.
  7550 | D:9      | Noticed a two-headed ogre
  7559 | D:9      | Killed a two-headed ogre
  7559 | D:9      | Reached * piety under Okawaru
  7559 | D:9      | Reached skill level 2 in Armour
  7559 | D:9      | Reached skill level 3 in Dodging
  7811 | D:9      | Reached skill level 3 in Armour
  7971 | D:9      | Got an ichor-stained hand crossbow
  8055 | D:9      | Reached skill level 10 in Fighting
  8369 | D:10     | Entered Level 10 of the Dungeon
  8527 | D:9      | Reached skill level 4 in Armour
  8534 | D:9      | Reached skill level 4 in Dodging
  8541 | D:9      | Reached ** piety under Okawaru
  8883 | D:10     | Killed an unseen horror
  8883 | D:10     | Reached XP level 11. HP: 67/73 MP: 11/11
  8987 | D:10     | Reached skill level 5 in Armour
  9105 | D:10     | Reached *** piety under Okawaru
  9158 | D:10     | Reached skill level 5 in Dodging
  9471 | D:11     | Reached skill level 11 in Fighting
  9678 | D:11     | Noticed a death knight
  9695 | D:10     | Reached skill level 6 in Armour
  9991 | D:11     | Killed an unseen horror
  9991 | D:11     | Reached **** piety under Okawaru
 10046 | D:11     | HP: 16/74 [komodo dragon (7)]
 10332 | D:11     | Found a staircase to the Lair.
 10505 | D:11     | Noticed a two-headed ogre
 10548 | D:11     | Killed a two-headed ogre
 10548 | D:11     | Reached skill level 7 in Armour
 10548 | D:11     | Reached skill level 6 in Dodging
 10635 | D:11     | Found Weleple's Gadget Shop.
 10811 | D:11     | Killed a death knight
 10811 | D:11     | Reached ***** piety under Okawaru
 11048 | Lair:1   | Entered Level 1 of the Lair of Beasts
 11110 | Lair:1   | Reached skill level 1 in Invocations
 11110 | Lair:1   | Reached XP level 12. HP: 81/81 MP: 12/12
 11120 | Lair:1   | Reached skill level 12 in Fighting
 11147 | Lair:1   | Reached skill level 8 in Armour
 11147 | Lair:1   | Reached skill level 2 in Invocations
 11416 | Lair:1   | Noticed a seven-headed hydra
 11425 | Lair:1   | Killed a seven-headed hydra
 11436 | Lair:1   | Reached skill level 3 in Invocations
 11864 | Lair:1   | Reached skill level 4 in Invocations
 12113 | Lair:2   | Found a dark tunnel.
 12121 | Volcano  | Entered a volcano
 12138 | Volcano  | Noticed a fire dragon
 12148 | Volcano  | Killed a fire dragon
 12148 | Volcano  | Reached skill level 9 in Armour
 12221 | Volcano  | Received a gift from Okawaru
 12222 | Volcano  | Got a steaming mace {god gift}
 12237 | Lair:2   | Identified the +6 mace of Liok {freeze, Int+4} (Okawaru gifted it to you in a volcano)
 12535 | Lair:2   | Reached skill level 5 in Invocations
 12952 | Lair:2   | Found a staircase to the Shoals.
 12956 | Lair:2   | Reached skill level 13 in Fighting
 12969 | Lair:2   | Reached ****** piety under Okawaru
 13551 | Lair:3   | Reached skill level 6 in Invocations
 13620 | Lair:3   | Found a frozen archway.
 13635 | Lair:3   | Reached skill level 10 in Armour
 13728 | Lair:3   | Reached XP level 13. HP: 45/88 MP: 17/17
 13999 | IceCv    | Entered an ice cave
 14531 | IceCv    | Reached skill level 7 in Invocations
 14532 | IceCv    | HP: 18/88 [something (6)]
 15101 | IceCv    | Received a gift from Okawaru
 15337 | IceCv    | Got an encrusted scimitar
 15633 | Lair:3   | Received a gift from Okawaru
 15898 | Lair:3   | Reached skill level 11 in Armour
 15909 | Lair:3   | Reached skill level 8 in Invocations
 16383 | Lair:3   | Reached skill level 14 in Fighting
 17017 | Lair:4   | Found a hole to the Spider Nest.
 17659 | Lair:5   | Received a gift from Okawaru
 17659 | Lair:5   | Gained mutation: Your large and strong wings let you fly indefinitely. [Gargoyle growth]
 17659 | Lair:5   | Reached XP level 14. HP: 48/96 MP: 20/20
 17887 | Lair:5   | Got a steaming dagger
 18113 | Lair:5   | Reached skill level 13 in Maces & Flails
 18205 | Lair:5   | Reached skill level 12 in Armour
 18588 | Lair:6   | Entered Level 6 of the Lair of Beasts
 18831 | Lair:6   | Found a staircase to the Slime Pits.
 18831 | Lair:6   | Found a viscous altar of Jiyva.
 18855 | Lair:6   | Received a gift from Okawaru
 19108 | Lair:6   | Noticed Josephine
 19701 | Lair:6   | Received a gift from Okawaru
 19707 | Lair:6   | HP: 21/96 [deep troll shaman (5)]
 19711 | Lair:6   | Slain by a deep troll shaman

Vault maps used:
D:1:      saegor_arrival_simple_c, solitary_fountain
D:2:      lemuel_blue_sif_altar
D:3:      first_ration, nicolae_tso_carved_into_rock
D:4:      kennysheep_spiral_hall, kennysheep_little_box, uniq_pikel
D:5:      temple_doors_e, kennysheep_doodads, bloody_trog
D:6:      kennysheep_mini, serial_co_window_serial, co_window_paths_b,
          co_window_paths_b, co_window_paths_b, co_window_paths_a,
          co_window_paths_a, co_window_broadway_a, co_window_unsneaky_path_d,
          co_window_unsneaky_path_e, co_window_paths_e, co_window_sun,
          glass_columns_a, glass_columns_a, glass_columns_c, glass_columns_b,
          glass_columns_b, portal_sewer_entry_b, basic_altar, enter_ossuary_2,
          nicolae_underground_beach, uniq_blork_the_orc, uniq_prince_ribbit1,
          uniq_menkaure, uniq_duvessa, uniq_sigmund
D:7:      old_standard_altar, nicolae_overflow_hidden_temple, serial_shops,
          shop, trog_butcher_becter
D:8:      overflow_temple_1_default, overflow_temple_1_default,
          blue_anna_alchemist
D:9:      hangedman_decor_peaks_small
D:11:     erik_lair_dragon, serial_shops, shop_statue, grunt_ministairs_2
Temple:   regret_index_temple_waves
Lair:1:   serial_bayou_shore_b, grunt_megastairs_3
Lair:2:   minmay_shoals_entry_hut, enter_volcano_1, serial_bayou_shore_a
Lair:3:   portal_ice_cave_entry_imps, gammafunk_lair_bear_cave,
          infiniplex_staircase_pool, minmay_lair_oklob_chamber,
          serial_bayou_shore_b
Lair:4:   spider_nest_entry_funnel_web
Lair:6:   grunt_lair_end_beastmaster, slime_altar_1, uniq_josephine
Ossuary:  ossuary_kennysheep_city_of_the_dead
IceCv:    ice_cave_tombish
Volcano:  volcano_pools

Skill      XL: |  1  2  3  4  5  6  7  8  9 10 11 12 13 14 |
---------------+-------------------------------------------+-----
Maces & Flails | 4 5 7 9 11 12 13 | 13.8
Fighting       | 3 4 5 7 8 10 11 13 14 | 14.9
Armour         | 4 7 10 11 12 | 12.4
Dodging        | 4 6 |  6.3
Invocations    | 1 6 8 |  8.0
Throwing       | |  1.7

Action                   |  1- 3 |  4- 6 |  7- 9 | 10-12 | 13-15 || total
-------------------------+-------+-------+-------+-------+-------++-------
Melee: Flail             |   124 |    79 |       |       |       ||   203
       Whip              |       |   137 |   325 |   893 |   904 ||  2259
       Punch             |       |       |       |       |     7 ||     7
Throw: Throwing net      |       |       |     1 |       |       ||     1
Invok: Heroism           |       |       |       |     3 |     7 ||    10
Evoke: Wand              |       |       |       |     9 |       ||     9
  Use: Scroll            |       |     7 |    10 |    14 |     6 ||    37
       Potion            |       |     3 |     7 |       |       ||    10
 Stab: Sleeping          |     1 |       |       |       |     4 ||     5
       Petrified         |       |       |       |       |    10 ||    10
       Petrifying        |       |       |       |       |     1 ||     1
  Eat: Chunk             |     1 |    25 |    11 |    26 |    19 ||    82
Armor: Leather armour    |    69 |     8 |       |       |       ||    77
       Ring mail         |       |    21 |       |       |       ||    21
       Chain mail        |       |    89 |   117 |    40 |   411 ||   657
       Plate armour      |       |       |     7 |   518 |       ||   525
       Skin              |       |       |     1 |       |       ||     1
Dodge: Dodged            |    99 |    84 |    90 |   330 |   354 ||   957
       Deflected         |       |       |       |       |     1 ||     1

Table legend:
 A = Spawn XP
 B = Non-spawn XP
 C = Spawn XP percentage of total XP
 D = Spawn monster count
 E = Non-spawn monster count
 F = Spawn count percentage of total count
 G = Total turns spent on level
                    A         B        C        D         E        F      G
               +---------+---------+-------+---------+---------+-------+---------
         Total |       0 |   70373 |   0.0 |       0 |     495 |   0.0 | 19711
               +---------+---------+-------+---------+---------+-------+---------
           D:1 |       0 |      64 |   0.0 |       0 |      36 |   0.0 |  1083
           D:2 |       0 |      46 |   0.0 |       0 |      20 |   0.0 |   664
           D:3 |       0 |      99 |   0.0 |       0 |      29 |   0.0 |   780
           D:4 |       0 |     987 |   0.0 |       0 |      11 |   0.0 |  1285
           D:5 |       0 |     435 |   0.0 |       0 |      20 |   0.0 |   794
           D:6 |       0 |    1611 |   0.0 |       0 |      23 |   0.0 |  1003
           D:7 |       0 |    1130 |   0.0 |       0 |      30 |   0.0 |   793
           D:8 |       0 |    1324 |   0.0 |       0 |      20 |   0.0 |   590
           D:9 |       0 |    2140 |   0.0 |       0 |      22 |   0.0 |  1137
          D:10 |       0 |    3861 |   0.0 |       0 |      36 |   0.0 |   977
          D:11 |       0 |    5865 |   0.0 |       0 |      32 |   0.0 |  1412
        Lair:1 |       0 |    5722 |   0.0 |       0 |      27 |   0.0 |  1048
        Lair:2 |       0 |    4442 |   0.0 |       0 |      29 |   0.0 |  1551
        Lair:3 |       0 |    8087 |   0.0 |       0 |      41 |   0.0 |  1331
        Lair:4 |       0 |    5137 |   0.0 |       0 |      29 |   0.0 |   900
        Lair:5 |       0 |   12153 |   0.0 |       0 |      25 |   0.0 |  1183
        Lair:6 |       0 |   10399 |   0.0 |       0 |      24 |   0.0 |  1123
       Ossuary |       0 |     365 |   0.0 |       0 |      16 |   0.0 |   424
         IceCv |       0 |    5034 |   0.0 |       0 |      22 |   0.0 |  1413
       Volcano |       0 |    1472 |   0.0 |       0 |       3 |   0.0 |   114
               +---------+---------+-------+---------+---------+-------+---------

Vault maps used:
D:1:      saegor_arrival_simple_c, solitary_fountain
D:2:      lemuel_blue_sif_altar
D:3:      first_ration, nicolae_tso_carved_into_rock
D:4:      kennysheep_spiral_hall, kennysheep_little_box, uniq_pikel
D:5:      temple_doors_e, kennysheep_doodads, bloody_trog
D:6:      kennysheep_mini, serial_co_window_serial, co_window_paths_b,
          co_window_paths_b, co_window_paths_b, co_window_paths_a,
          co_window_paths_a, co_window_broadway_a, co_window_unsneaky_path_d,
          co_window_unsneaky_path_e, co_window_paths_e, co_window_sun,
          glass_columns_a, glass_columns_a, glass_columns_c, glass_columns_b,
          glass_columns_b, portal_sewer_entry_b, basic_altar, enter_ossuary_2,
          nicolae_underground_beach, uniq_blork_the_orc, uniq_prince_ribbit1,
          uniq_menkaure, uniq_duvessa, uniq_sigmund
D:7:      old_standard_altar, nicolae_overflow_hidden_temple, serial_shops,
          shop, trog_butcher_becter
D:8:      overflow_temple_1_default, overflow_temple_1_default,
          blue_anna_alchemist
D:9:      hangedman_decor_peaks_small
D:11:     erik_lair_dragon, serial_shops, shop_statue, grunt_ministairs_2
Temple:   regret_index_temple_waves
Lair:1:   serial_bayou_shore_b, grunt_megastairs_3
Lair:2:   minmay_shoals_entry_hut, enter_volcano_1, serial_bayou_shore_a
Lair:3:   portal_ice_cave_entry_imps, gammafunk_lair_bear_cave,
          infiniplex_staircase_pool, minmay_lair_oklob_chamber,
          serial_bayou_shore_b
Lair:4:   spider_nest_entry_funnel_web
Lair:6:   grunt_lair_end_beastmaster, slime_altar_1, uniq_josephine
Ossuary:  ossuary_kennysheep_city_of_the_dead
IceCv:    ice_cave_tombish
Volcano:  volcano_pools

Table legend:
 A = Turns spent in this place as a percentage of turns spent in the entire game.
 B = Non-inter-level travel turns spent in this place as a percentage of non-inter-level travel turns spent in the entire game.
 C = Inter-level travel turns spent in this place as a percentage of turns spent in this place.
 D = Turns resting spent in this place as a percentage of non-inter-level travel turns spent in this place.
 E = Turns spent auto-exploring this place as a percentage of non-inter-level travel turns spent in this place.
 F = Non-inter-level travel turns spent in this place divided by the number of levels of this place that you've seen.
                   A       B       C       D       E      F
               +-------+-------+-------+-------+-------+----------------------
         Total | 100.0 | 100.0 |   3.6 |  27.4 |  47.8 | 905.2
       Dungeon |  53.4 |  52.5 |   5.2 |  22.6 |  54.7 | 906.6
        Temple |   0.5 |   0.5 |  17.0 |   0.0 |  88.6 |  88.0
          Lair |  36.2 |  36.8 |   1.9 |  28.9 |  45.0 | 1166.2
       Ossuary |   2.2 |   2.2 |   0.0 |   0.9 |  68.2 | 424.0
      Ice Cave |   7.2 |   7.4 |   0.0 |  63.6 |   7.5 | 1413.0
       Volcano |   0.6 |   0.6 |   0.0 |  17.5 |  14.0 | 114.0
               +-------+-------+-------+-------+-------+----------------------

Table legend:
 A = Kills in this place as a percentage of kills in entire the game.
 B = Kills by you in this place as a percentage of kills by you in the entire game.
 C = Kills by friends in this place as a percentage of kills by friends in the entire game.
 D = Other kills in this place as a percentage of other kills in the entire game.
 E = Experience gained in this place as a percentage of experience gained in the entire game.
 F = Experience gained in this place divided by the number of levels of this place that you have seen.
                   A       B       C       D       E      F
               +-------+-------+-------+-------+-------+----------------------
         Total | 100.0 | 100.0 |   N/A |   N/A | 100.0 | 3351.1
       Dungeon |  56.4 |  56.4 |   N/A |   N/A |  25.0 | 1596.5
          Lair |  35.4 |  35.4 |   N/A |   N/A |  65.3 | 7656.7
       Ossuary |   3.2 |   3.2 |   N/A |   N/A |   0.5 | 365.0
      Ice Cave |   4.4 |   4.4 |   N/A |   N/A |   7.2 | 5034.0
       Volcano |   0.6 |   0.6 |   N/A |   N/A |   2.1 | 1472.0
               +-------+-------+-------+-------+-------+----------------------
